 Dungeon Crawl Stone Soup version 0.28.0-53-g5a82cb258f (webtiles) character file.

Game seed: 11565243757564910092

16 Deemzul the Ducker (level 2, -9/19 (21) HPs)
             Began as an Octopode Fighter on Aug 7, 2022.
             Mangled by Terence
             ... wielding a +3 flail of draining
              (12 damage)
             ... on level 2 of the Dungeon.
             The game lasted 00:00:35 (925 turns).

Deemzul the Ducker (Octopode Fighter)                Turns: 925, Time: 00:00:35

HP:   -9/19 (21)    AC:  1    Str: 15    XL:     2   Next: 54%
MP:   2/2           EV: 13    Int: 16    God:
Gold: 58            SH:  4    Dex: 11    Spells: 1/1 levels left

rFire   . . .      SeeInvis +   a - +0 long sword
rCold   . . .      Faith    .   b - +0 buckler
rNeg    . . .      Spirit   .   (helmet restricted)
rPois   .          Reflect  .   (no amulet)
rElec   .          Harm     .   d - ring of see invisible
rCorr   .          Rampage  .   e - +6 ring of intelligence
Will    .....                   (no ring)
Stlth   ++........              (no ring)
HPRegen 0.06/turn               (no ring)
MPRegen 0.08/turn               (no ring)
                                (no ring)
                                (no ring)

@: drained
A: almost no armour, amphibious, 8 rings, camouflage 1, gelatinous body 1,
(nimble swimmer 1), tentacles
a: no special abilities


You were on level 2 of the Dungeon.
You visited 1 branch of the dungeon, and saw 2 of its levels.

You collected 58 gold pieces.

Inventory:

Hand Weapons
 a - a +0 long sword (weapon)
Armour
 b - a +0 buckler (worn)
Jewellery
 d - a ring of see invisible (left tentacle)
 e - a +6 ring of intelligence (right tentacle)
Scrolls
 f - 2 scrolls of identify {unknown}
 g - a scroll of magic mapping {unknown}
Potions
 c - a potion of might


   Skills:
 + Level 3.1 Fighting
 * Level 2.3 Long Blades
 + Level 3.2 Dodging
 + Level 3.1 Shields


You had one spell level left.
You didn't know any spells.
Your spell library was empty.

Dungeon Overview and Level Annotations

Branches:
Dungeon (2/15)

Altars:

Annotations:
D:2 Terence


Innate Abilities, Weirdness & Mutations

You cannot wear most types of armour.
You are amphibious.
You can wear up to eight rings at the same time.
Your skin changes colour to match your surroundings (Stealth+).
Your rubbery body absorbs attacks. (AC +1, EV +1)
((You are camouflaged when in or above water. (Stealth+)))
You have tentacles for arms and can constrict up to eight enemies at once.


Message History

You hit the dart slug.
The dart slug is heavily wounded.
You constrict the dart slug. You block the dart slug's attack.
You hit the dart slug.
The dart slug is severely wounded.
You constrict the dart slug.
The dart slug briefly extends its eye-stalks.
The dart slug launches a dart at you. You block the slug dart.
A dart slug is nearby!
You hit the dart slug.
The dart slug is almost dead.
You constrict the dart slug.
You kill the dart slug!
HP restored.
Terence the Incautious comes into view.
He is wielding a +3 flail of draining.
Terence is nearby!
Terence is nearby!
The helpless Terence fails to defend himself.
You slash Terence! You grab Terence.
Terence is heavily wounded.
You constrict Terence, but do no damage.
Terence barely misses you.
You hit Terence. You squeeze Terence, but do no damage.
Terence is heavily wounded.
You constrict Terence. Terence closely misses you.
Terence drinks a potion.
Terence is healed!
You slash Terence! You squeeze Terence.
Terence is heavily wounded.
You constrict Terence.
Terence hits you with a +3 flail of draining!
Ouch! That really hurt!
You feel drained.
* * * LOW HITPOINT WARNING * * *
You hit Terence. You squeeze Terence, but do no damage.
Terence is severely wounded.
You constrict Terence.
Terence hits you with a +3 flail of draining!
Ouch! That really hurt!
You die...

## .. .# #####.#
#.....## ###.#.@..#
#...#@##.# #####
#..#.#......#####.....
#........#............
#..#..................
#..####.#.#.....(....
#.> #.#.........###
#.# #########.......#
#.# #...#...##......#
########.#
#.#.#.#.##......#


You could see Terence.

Vanquished Creatures
  A dart slug (D:2)
  2 giant cockroaches (D:1)
  A quokka (D:1)
  2 bats (D:1)
  3 frilled lizards (D:1)
  3 goblins (D:1)
  3 rats
15 creatures vanquished.

Notes
Turn   | Place    | Note
-------+----------+-------------------------------------------
     0 | D:1      | Deemzul the Octopode Fighter began the quest for the Orb.
     0 | D:1      | Reached XP level 1. HP: 16/16 MP: 1/1
   273 | D:1      | Reached XP level 2. HP: 20/21 MP: 2/2
   918 | D:2      | Noticed Terence
   925 | D:2      | Mangled by Terence

Illustrated notes

Levels and vault maps discovered:
D:1:      mrwooster_arrival_arrow, layout_loops_ring, chequers_garden,
          chequers_serial_rivers_small_3, lemuel_old_faithful
D:2:      layout_basic, basic_altar, bh_walls_and_bars, uniq_terence

Action                   || total
-------------------------++-------
Melee: Long sword        ||    26
       Constrict         ||     6
       Tentacles         ||     3
       Punch             ||     1
 Stab: Sleeping          ||     2
Armor: Skin              ||     2
Dodge: Dodged            ||     5
Block: Buckler           ||     8
